 Dungeon Crawl Stone Soup version 0.31-a0-188-g5e087ee2ca (webtiles) character file.

Game seed: 6226770913283313127

252 qw the Skirmisher (level 5, -6/30 HPs)
             Began as a Deep Elf Hunter on June 23, 2023.
             Mangled by an ogre
             ... wielding a +0 giant club
              (24 damage)
             ... on level 4 of the Dungeon.
             The game lasted 00:01:13 (2821 turns).

qw the Skirmisher (Deep Elf Hunter)                 Turns: 2821, Time: 00:01:14

Health: -6/30      AC: 11    Str: 10    XL:     5   Next: 89%
Magic:  7/7        EV: 16    Int: 14    God:
Gold:   94         SH:  0    Dex: 18    Spells: 4/4 levels left

rFire   + . .        Y - +1 shortbow
rCold   . . .        (shield currently unavailable)
rNeg    . . .        l - +0 ring mail {Will+}
rPois   .            f - +2 helmet
rElec   .            c - +2 cloak
rCorr   .            (no gloves)
SInv    .            (no boots)
Will    +....        (no amulet)
Stlth   +            g - ring of protection from fire
HPRegen 0.25/turn    m - +5 ring of evasion
MPRegen 0.10/turn

%: no passive effects
@: no status effects
A: no striking features
a: no special abilities


You were on level 4 of the Dungeon.
You visited 1 branch of the dungeon, and saw 4 of its levels.

You collected 94 gold pieces.


   Skills:
 + Level 1.7 Fighting
 - Level 9.4 Ranged Weapons
 - Level 2.4 Dodging
 - Level 1.2 Stealth


You had 4 spell levels left.
You didn't know any spells.
Your spell library was empty.

Inventory:

Hand Weapons
 Y - a +1 shortbow (weapon)
Armour
 c - a +2 cloak (worn)
 f - a +2 helmet (worn)
 l - a +0 ring mail of willpower (worn)
Jewellery
 g - a ring of protection from fire (left hand)
 m - a +5 ring of evasion (right hand)
Scrolls
 a - 3 scrolls of teleportation
 d - a scroll of identify
Potions
 e - a potion of heal wounds
 h - a potion of curing
 j - a potion of haste {unknown}
 o - 2 potions of degeneration {unknown}

Dungeon Overview and Level Annotations

Branches:
Dungeon (4/15)
 Temple: D:4-7

Altars:


Message History

You kill the dart slug!
A goblin comes into view. It is wielding a +0 dagger.
The goblin shouts!
You hear a shout!
You hear a bark!
A goblin comes into view. It is wielding a +0 club.
You shoot an arrow. The arrow hits the goblin!
You kill the goblin!
A jackal comes into view.
You shoot an arrow. The arrow hits the goblin.
The goblin is severely wounded.
You shoot an arrow. The arrow hits the jackal.
The jackal is almost dead.
You shoot an arrow. The arrow closely misses the goblin.
You shoot an arrow. The arrow barely misses the goblin.
You shoot an arrow. The arrow hits the jackal.
You kill the jackal!
You shoot an arrow. The arrow barely misses the goblin.
You shoot an arrow. The arrow hits the goblin.
You kill the goblin!
Found a ring mail.
You see here a +0 club.
An ogre comes into view. It is wielding a +0 giant club.
Enter note: You shoot an arrow.
The ogre shouts!
The arrow hits the ogre!
The ogre is moderately wounded.
You see here a jackal corpse.
An ogre is nearby!
Enter note: You shoot an arrow.
The arrow hits the ogre.
The ogre is moderately wounded.
You shoot an arrow. The arrow closely misses the ogre.
You shoot an arrow. The arrow hits the ogre!
The ogre is severely wounded.
The ogre hits you with a +0 giant club!
You shoot an arrow. The arrow hits the ogre.
The ogre is almost dead.
The ogre hits you with a +0 giant club!!
Ouch! That really hurt!
You die...

#.. ?.. ..#.... #....
##.#.#.#.##.###+#...
.....#...##........#+###
#.$....#.##........#...#
.[.#.#...........#...#
.....##........#...#
#.#.##O#[##........'....
.......@...........#....
#.##.###.##.##.....#...#
........)...#.....#...#
#.###.####..#.....#...#
#.####..'.....#....
.........#.....#....
...#.....#.....##### ..
#.....#........ ...
#.....######...


You could see an ogre.

Vanquished Creatures
  A kobold brigand (D:3)
  An iguana (D:3)
  3 gnolls (D:2)
  5 adders
  A worm (D:2)
  A dart slug (D:4)
  8 endoplasms
  3 giant cockroaches
  8 goblins
  7 hobgoblins
  8 jackals
  2 quokkas (D:1)
  2 ball pythons (D:2)
  9 bats
  2 frilled lizards
  11 kobolds
  3 rats
75 creatures vanquished.

Notes
Turn   | Place    | Note
-------+----------+-------------------------------------------
     0 | D:1      | qw the Deep Elf Hunter began the quest for the Orb.
     0 | D:1      | Reached XP level 1. HP: 12/12 MP: 3/3
     0 | D:1      | 0 ||| qw: Version: 0.3-a-9-g12657ce
     0 | D:1      | 0 ||| qw: Game counter: 4288
     0 | D:1      | 0 ||| qw: Always use a shield: true
     0 | D:1      | 0 ||| qw: God list: Okawaru
     0 | D:1      | 0 ||| qw: Allow faded altars: false
     0 | D:1      | 0 ||| qw: Do Orc after D:15 true
     0 | D:1      | 0 ||| qw: Do second Lair branch before Depths: true
     0 | D:1      | 0 ||| qw: Lair rune preference: random
     0 | D:1      | 0 ||| qw: Plans: Normal
     0 | D:1      | 0 ||| PLANNING D:1-11
   197 | D:1      | Reached XP level 2. HP: 16/16 MP: 4/4
   210 | D:1      | Reached skill level 6 in Ranged Weapons
   804 | D:1      | 804 ||| UPGRADING to +2 helmet.
   809 | D:1      | 809 ||| UPGRADING to +0 ring mail of willpower.
   819 | D:1      | 819 ||| DROPPING +0 leather armour.
   820 | D:1      | 820 ||| UPGRADING to ring of protection from fire.
   821 | D:1      | 821 ||| UPGRADING to +5 ring of evasion.
   822 | D:1      | 822 ||| READING 2 scrolls labelled WINYHITSUXYSM.
   825 | D:1      | 825 ||| READING scroll labelled FYQIBR VUYPN.
   826 | D:1      | 826 ||| READING scroll labelled LISYWNULAKKO.
   827 | D:1      | 827 ||| DROPPING scroll of butterflies.
   893 | D:2      | Reached XP level 3. HP: 20/20 MP: 5/5
   905 | D:2      | Reached skill level 7 in Ranged Weapons
  1053 | D:2      | Reached XP level 4. HP: 20/25 MP: 6/6
  1321 | D:2      | Reached skill level 8 in Ranged Weapons
  1486 | D:2      | 1486 ||| READING scroll labelled KIQEXOSTRYCO.
  1487 | D:2      | 1487 ||| READING 3 scrolls labelled HOUPRO DIHE.
  1488 | D:2      | 1488 ||| READING 3 scrolls of identify.
  1488 | D:2      | 1488 ||| IDENTIFYING fizzy cyan potion
  1489 | D:2      | 1489 ||| READING 2 scrolls of identify.
  1489 | D:2      | 1489 ||| IDENTIFYING coppery potion
  1490 | D:2      | 1490 ||| DROPPING 2 scrolls of noise.
  1492 | D:2      | 1492 ||| Stepping ~*~*~tactically~*~*~ (cloud).
  1700 | D:3      | 1700 ||| UPGRADING to +2 cloak.
  1904 | D:3      | Reached XP level 5. HP: 26/29 MP: 7/7
  2207 | D:3      | Found a faded altar of an unknown god.
  2584 | D:3      | Reached skill level 9 in Ranged Weapons
  2697 | D:3      | 2697 ||| READING scroll labelled NAURAS AGUWKUB.
  2698 | D:3      | 2698 ||| READING scroll labelled UGI JULUWAKU.
  2699 | D:3      | 2699 ||| READING 3 scrolls of identify.
  2699 | D:3      | 2699 ||| IDENTIFYING fizzy brown potion
  2700 | D:3      | 2700 ||| READING 2 scrolls of identify.
  2700 | D:3      | 2700 ||| IDENTIFYING metallic cyan potion
  2701 | D:3      | 2701 ||| DROPPING potion of brilliance.
  2702 | D:3      | 2702 ||| DROPPING potion of invisibility.
  2815 | D:4      | Noticed an ogre
  2821 | D:4      | Mangled by an ogre

Levels and vault maps discovered:
D:1:      dpeg_arrival_fog, layout_loops_cross, minivault_5,
          hangedman_decor_slide_cut
D:2:      minmay_chambers_of_ones, layout_rooms
D:3:      cheibrodos_thug_alley, layout_basic, basic_ecumenical_altar,
          serial_co_window_serial, co_window_paths_a,
          co_window_of_opportunity_a, co_window_paths_a,
          co_window_of_opportunity_a, co_window_of_opportunity_a,
          co_window_cross_1, co_window_paths_a, co_window_cross_3,
          co_window_broadway_c, co_window_cross_2, co_window_corner_ca,
          glass_columns_b
D:4:      layout_gridville, serial_shops, nicolae_square_shop,
          ebering_ghost_gozag, minmay_diced_spiral, uniq_natasha

Skill      XL: |  1  2  3  4  5 |
---------------+----------------+-----
Ranged Weapons | 6 7 8 9 |  9.4
Fighting       | |  1.7
Dodging        | |  2.4
Stealth        | |  1.2

Action                     |  1- 3 |  4- 6 || total
---------------------------+-------+-------++-------
   Fire: Shortbow          |    99 |   131 ||   230
    Use: Scroll            |     3 |     8 ||    11
 Armour: Leather armour    |     3 |       ||     3
         Ring mail         |     2 |    12 ||    14
  Dodge: Dodged            |    30 |    33 ||    63

Table legend:
 A = Non-vault XP
 B = Vault XP
 C = Vault XP percentage of total XP
 D = Non-vault monster count
 E = Vault monster count
 F = Vault count percentage of total count
                 A         B        C        D         E       F
            +---------+---------+-------+---------+---------+-------
      Total |     233 |     128 |  35.5 |      58 |      17 |  22.7
            +---------+---------+-------+---------+---------+-------
        D:1 |      36 |       0 |   0.0 |      22 |       0 |   0.0
        D:2 |     115 |       9 |   7.3 |      25 |       5 |  16.7
        D:3 |      78 |     113 |  59.2 |      10 |       9 |  47.4
        D:4 |       4 |       6 |  60.0 |       1 |       3 |  75.0
            +---------+---------+-------+---------+---------+-------
